 Dungeon Crawl Stone Soup version 0.20.1-1-g8b1a95d (webtiles) character file.

23 WolFrosT the Insei (level 2, 0/23 HPs)
             Began as a Demigod Transmuter on Nov 21, 2017.
             Slain by a jackal (1 damage)
             ... on level 1 of the Dungeon.
             The game lasted 00:17:49 (1767 turns).

WolFrosT the Insei (Demigod Transmuter)             Turns: 1767, Time: 00:17:50

Health: 0/23       AC:  5    Str: 13    XL:     2   Next: 57%
Magic:  7/7        EV: 11    Int: 17    God:
Gold:   38         SH:  0    Dex: 16    Spells: 4/5 levels left

rFire    . . .     SeeInvis .     - Unarmed
rCold    . . .     Gourm    .   (no shield)
rNeg     . . .     Faith    .   l - +0 ring mail
rPois    .         Spirit   .   (no helmet)
rElec    .         Reflect  .   (no cloak)
rCorr    .         Harm     .   (no gloves)
MR       .....                  (no boots)
Stlth    +.........             (no amulet)
Regen    0.1/turn               i - ring of wizardry
MPRegen  0.1/turn               (no ring)

@: no status effects
A: high mp 1
a: no special abilities


You were on level 1 of the Dungeon.
You were hungry.

You visited 1 branch of the dungeon, and saw 1 of its levels.

You collected 38 gold pieces.

Inventory:

Hand Weapons
 e - a +0 club
 k - a +0 dagger
 p - a +0 club
 q - a +0 dagger
Missiles
 a - 12 arrows
 g - 96 stones (quivered)
Armour
 b - a +0 robe
 l - a +0 ring mail (worn)
 o - a +0 chain mail
Jewellery
 i - a ring of wizardry (left hand)
Scrolls
 f - a scroll of blinking {unknown}
 j - 2 scrolls of identify {unknown}
 m - a scroll of teleportation {unknown}
 n - a scroll of remove curse {unknown}
Potions
 h - a potion of flight {unknown}
Books
 c - a book of Changes

   Spells                             Type                      Level
   a - Beastly Appendage              Transmutation                1
   b - Sticks to Snakes               Transmutation                2
   c - Spider Form                    Transmutation/Poison         3
   d - Ice Form                       Ice/Transmutation            4
   e - Blade Hands                    Transmutation                5
Comestibles
 d - a bread ration


   Skills:
 * Level 1.0 Fighting
 + Level 0.3 Maces & Flails
 * Level 0.1 Armour
 * Level 2.0 Dodging
 + Level 3.1 Unarmed Combat
 + Level 2.0 Spellcasting
 + Level 2.0 Transmutations


You had 4 spell levels left.
You knew the following spells:

 Your Spells              Type           Power        Failure   Level  Hunger
a - Beastly Appendage     Tmut           #.....       8%          1    #......


Dungeon Overview and Level Annotations

Branches:
Dungeon (1/15)


Innate Abilities, Weirdness & Mutations

You have an increased reservoir of magic. (+10% MP)


Message History

The jackal barely misses you.
You hit the jackal.
The jackal is heavily wounded.
The jackal barely misses you. The jackal bites you.
* * * LOW HITPOINT WARNING * * *
The jackal misses you.
The jackal bites you but does no damage.
A kobold comes into view.
The kobold shouts!
The kobold throws a stone.
The stone hits you.
* * * LOW HITPOINT WARNING * * *
You see here a stone.
The jackal bites you but does no damage.
The jackal closely misses you.
The jackal bites you but does no damage.
The jackal bites you but does no damage.
The jackal barely misses you. The jackal closely misses you.
The jackal bites you.
You die...

###### ####### ###....###
##..####..## # #.####.###.## .#
##<# ##.###.# #. ### ##.##.# #. #
##.##.# .### ######## ##
###.##.#####'.# #......†
.####..###.#....@.# #.####.†
#....####.##.....h########.####.#
#######..###....h..K....(....##..
.......### #......######.###.####
######## #......# #.# .# #..#####
#K# # #... #.. ..... #.. ....
....


You could see 2 jackals and a kobold.

Vanquished Creatures
  A bat (D:1)
  2 giant cockroaches (D:1)
  2 goblins (D:1)
  3 hobgoblins (D:1)
  A jackal (D:1)
  5 kobolds (D:1)
  3 frilled lizards (D:1)
  7 rats (D:1)
24 creatures vanquished.

Notes
Turn   | Place    | Note
-------+----------+-------------------------------------------
     0 | D:1      | WolFrosT the Demigod Transmuter began the quest for the Orb.
     0 | D:1      | Reached XP level 1. HP: 15/15 MP: 5/5
   892 | D:1      | Reached skill level 3 in Unarmed Combat
  1082 | D:1      | Reached XP level 2. HP: 19/22 MP: 7/7
  1651 | D:1      | Reached skill level 1 in Fighting
  1750 | D:1      | HP: 1/23 [jackal (3)]
  1757 | D:1      | HP: 1/23 [kobold/stone (1)]
  1767 | D:1      | Slain by a jackal

Skill      XL: |  1  2 |
---------------+-------+-----
Unarmed Combat | 3 |  3.1
Transmutations | 2 |  2.0
Fighting       | 1 |  1.0
Dodging        | 2 |  2.0
Spellcasting   | 2 |  2.0
Maces & Flails | |  0.3
Armour         | |  0.1

Action                   || total
-------------------------++-------
Melee: Club              ||    43
       Unarmed           ||    65
       Punch             ||     3
 Cast: Beastly Appendage ||     1
  Eat: Chunk             ||     2
Armor: Robe              ||    13
       Ring mail         ||    26
Dodge: Dodged            ||    85
